 Dungeon Crawl Stone Soup version 0.30-a0-779-g7971cf19c3 (webtiles) character file.

Game seed: 17167671031798435031

34 Pimp the Stinger (level 3, -3/19 HPs)
             Began as a Deep Elf Venom Mage on Feb 17, 2023.
             Slain by Terence
             ... wielding a +0 morningstar of protection
              (10 damage)
             ... on level 2 of the Dungeon.
             The game lasted 00:03:23 (928 turns).

Pimp the Stinger (Deep Elf Venom Mage)               Turns: 928, Time: 00:03:23

Health: -3/19      AC:  2    Str:  5    XL:     3   Next: 14%
Magic:  8/9        EV: 13    Int: 21    God:
Gold:   46         SH:  0    Dex: 21    Spells: 7/8 levels left

rFire   . . .      SeeInvis .    d - +0 dagger (drain)
rCold   . . .      Faith    .    (no shield)
rNeg    . . .      Spirit   .    a - +0 robe
rPois   .          Reflect  .    (no helmet)
rElec   .          Harm     .    (no cloak)
rCorr   .          Rampage  .    (no gloves)
Will    .....                    (no boots)
Stlth   +++                      (no amulet)
HPRegen 0.23/turn                c - +6 ring of dexterity
MPRegen 0.11/turn                (no ring)

@: no status effects
A: no striking features
a: no special abilities


You were on level 2 of the Dungeon.
You visited 1 branch of the dungeon, and saw 2 of its levels.

You collected 46 gold pieces.

Inventory:

Hand Weapons
 d - a +0 dagger of draining (weapon)
Armour
 a - a +0 robe (worn)
Jewellery
 c - a +6 ring of dexterity (left hand)
Wands
 n - a wand of acid (10)
 o - a wand of digging (9)
Scrolls
 h - 2 scrolls of vulnerability {unknown}
 i - 2 scrolls of brand weapon
 j - a scroll of identify {unknown}
 l - 2 scrolls of teleportation {unknown}
Potions
 b - a potion of magic
 e - a potion of brilliance {unknown}
 f - 2 potions of degeneration {unknown}
 g - a potion of ambrosia {unknown}
 k - a potion of attraction {unknown}
 m - a potion of lignification {unknown}


   Skills:
 + Level 0.1 Fighting
 + Level 0.1 Short Blades
 + Level 2.7 Dodging
 + Level 2.7 Stealth
 + Level 3.4 Spellcasting
 + Level 1.7 Transmutations
 + Level 3.9 Poison Magic


You had 7 spell levels left.
You knew the following spells:

 Your Spells              Type           Power      Damage    Failure   Level
a - Sting                 Tmut/Pois      60%        1d6       4%          1

Your spell library contained the following spells:

 Spells                   Type           Power      Damage    Failure   Level
 Poisonous Vapours        Pois/Air       22%        N/A       9%          2
 Mephitic Cloud           Conj/Pois/Air  9%         N/A       22%         3
 Olgreb's Toxic Radiance  Pois           20%        N/A       26%         4


Dungeon Overview and Level Annotations

Branches:
Dungeon (2/15)

Altars:

Annotations:
D:2 Terence


Message History

Terence the Incautious comes into view.
He is wielding a +0 morningstar of protection.
Terence shouts!
Okay, then.
As you read the scroll labelled ZATEWK URIU, it crumbles to dust.
It is a scroll of brand weapon.
Your +0 dagger craves living souls!
d - a +0 dagger of draining (weapon)
Casting: Sting (safe; 4% risk of failure)
Confirm with . or Enter, or press ? or * to list all spells.
Aiming: Sting (safe; 4% risk of failure)
Press: ? - help, Shift-Dir - straight line, f - Terence
Aim: Terence, wielding a +0 morningstar of protection and wearing a +0 scale mail (77% to hit)
The sting hits Terence but does no damage.
Terence is poisoned.
You hit Terence but do no damage.
Terence is lightly wounded.
Terence hits you with a +0 morningstar of protection.
Casting: Sting (safe; 4% risk of failure)
Confirm with . or Enter, or press ? or * to list all spells.
Aiming: Sting (safe; 4% risk of failure)
Press: ? - help, Shift-Dir - straight line, f/p - Terence
Aim: Terence, wielding a +0 morningstar of protection and wearing a +0 scale mail (lightly wounded, poisoned, 77% to hit)
The sting hits Terence but does no damage.
Terence looks even sicker.
Terence is lightly wounded.
Terence closely misses you.
You hit Terence.
Terence is lightly wounded.
Terence hits you with a +0 morningstar of protection!
Ouch! That really hurt!
* * * LOW HITPOINT WARNING * * *
Terence attacks as you move away! Terence closely misses you.
Terence attacks as you move away! Terence closely misses you.
Terence attacks as you move away! Terence barely misses you.
Terence looks more healthy.
Terence attacks as you move away! Terence closely misses you.
Terence attacks as you move away!
Terence hits you with a +0 morningstar of protection!
Ouch! That really hurt!
You die...

#..........#.##### #.###....
#..........#.#... #.#......
+..........#.#.. #.#.#.#####
#..........#.#.# .#.#.#.#
#..........#.#.##.#.#†#.#####
+............................
#..........#.#........#...###
#######+##.#.#.####.###.##.##
#..#.#@#.#........###.#
###'#+#@#.###..#######..
#.......#......#........
#.......######.#.#####..
######.......# ###......##.#
.............####.....####.##
############..........'...###
..................###..†)
########.####.....# ##...


You could see Terence.

Vanquished Creatures
  2 bats
  2 endoplasms
  A giant cockroach (D:1)
  4 goblins
  A hobgoblin (D:1)
  4 jackals (D:1)
  5 quokkas
  4 ball pythons
  3 kobolds
  3 rats
29 creatures vanquished.

Notes
Turn   | Place    | Note
-------+----------+-------------------------------------------
     0 | D:1      | Pimp the Deep Elf Venom Mage began the quest for the Orb.
     0 | D:1      | Reached XP level 1. HP: 10/10 MP: 6/6
   213 | D:1      | Reached XP level 2. HP: 15/15 MP: 8/8
   783 | D:2      | Reached XP level 3. HP: 19/19 MP: 9/9
   908 | D:2      | Noticed Terence
   928 | D:2      | Slain by Terence

Illustrated notes

Levels and vault maps discovered:
D:1:      lightli_arrival_quake, layout_basic, minmay_surrounded
D:2:      layout_basic, hex_intersection, minmay_tetromino_i2, uniq_natasha,
          uniq_terence, uniq_sigmund

Action                     || total
---------------------------++-------
  Melee: Dagger            ||    39
   Cast: Sting             ||    29
    Use: Scroll            ||     1
   Stab: Sleeping          ||     7
 Armour: Robe              ||     7
  Dodge: Dodged            ||    38

Table legend: (Time is in decaauts)
 A = Elapsed time spent in this place.
 B = Non-inter-level travel time spent in this place.
 C = Inter-level travel time spent in this place.
 D = Time resting spent in this place.
 E = Time spent auto-exploring this place.
 F = Levels seen in this place.
 G = Mean time per level.
                   A        B        C        D        E       F      G
               +--------+--------+--------+--------+--------+-----+--------+
         Total |    926 |    923 |      3 |    154 |    511 |   2 |  463.0 |
       Dungeon |    926 |    923 |      3 |    154 |    511 |   2 |  463.0 |
               +--------+--------+--------+--------+--------+-----+--------+

Top non-repeatable levels by time:
     D:1: 697 daAuts
     D:2: 229 daAuts
